Map: Triton LE

Players

Obsirver

  • Race: Protoss Protoss
  • League: Master
  • Spawn Location: 11:00

Toperoco - Winner!

  • Race: Terran Terran
  • League: Master
  • Spawn Location: 5:00

VOD

Have the link to the VOD?

Description

Time

  • Played on: Feb. 1, 2020, 1:59 p.m.
  • Length: 8:57
Show
View Real Time Build Order
Export as new Build Order

Obsirver Protoss 

Build Orders:  

Get SALT Encoding   

  12  0:01  Probe  
  13  0:13  Probe  
  14  0:20  Pylon  
  14  0:25  Probe  
  15  0:38  Probe (Chrono Boost)  
  16  0:47  Pylon  
  16  0:48  Probe (Chrono Boost)  
  17  0:53  Probe (Chrono Boost)  
  18  1:04  Assimilator, Probe  
  18  1:06  Gateway  
  19  1:16  Probe  
  20  1:28  Probe  
  21  1:40  Probe  
  21  1:44  Nexus  
  22  1:53  Cybernetics Core  
  22  1:54  Zealot (Chrono Boost)  
  22  2:01  Probe  
  25  2:08  Assimilator  
  25  2:13  Probe  
  26  2:25  Probe  
  27  2:30  Stalker (Chrono Boost)  
  28  2:37  Probe  
  28  2:44  Warp Gate  
  29  2:51  Probe  
  30  3:03  Stalker  
  31  3:10  Twilight Council  
  25  3:39  Probe x2  
  27  3:47  Charge  
  26  3:51  Probe  
  26  3:53  Stalker  
  28  4:11  Probe x2 (Chrono Boost)  
  28  4:21  Probe (Chrono Boost)  
  29  4:30  Robotics Facility  
  29  4:33  Gateway x2  
  29  4:36  Gateway  
  29  4:37  Probe (Chrono Boost)  
  31  4:40  Pylon  
  31  4:42  Probe (Chrono Boost)  
  31  4:44  Pylon  
  31  4:50  Probe x2 (Chrono Boost)  
  33  5:00  Probe  
  33  5:01  Probe  
  33  5:03  Gateway  
  33  5:05  Gateway  
  33  5:06  Gateway  
  35  5:08  Gateway  
  35  5:12  Probe (Chrono Boost)  
  37  5:19  Probe (Chrono Boost)  
  38  5:22  Probe (Chrono Boost)  
  38  5:26  Warp Prism (Chrono Boost), Probe (Chrono Boost)  
  38  5:28  Probe  
  41  5:35  Blink  
  33  5:54  Probe x2  
  35  6:06  Probe x2  
  37  6:12  Warp Prism (Chrono Boost)  
  39  6:18  Probe x2  
  41  6:29  Zealot x2  
  41  6:30  Zealot, Probe x2  
  49  6:34  Zealot  
  51  6:56  Probe x2  
  53  7:22  Zealot x4  
  59  7:26  Probe  
  62  7:47  Warp Prism (Chrono Boost), Probe  
  62  7:56  Zealot  
  62  7:57  Zealot x2  
  62  8:03  Pylon  
  62  8:04  Pylon  
  58  8:07  Pylon  
  58  8:08  Stalker x2  
  58  8:10  Pylon  
  60  8:19  Warp Prism (Chrono Boost)  
  44  8:27  Zealot x5  
  44  8:29  Stalker  
  46  8:50  Stalker x4  
  46  8:51  Stalker  
Show
View Real Time Build Order
Export as new Build Order

Toperoco Terran - Winner!

Build Orders: Gas First Reaper Expand, Mech 

Get SALT Encoding   

  12  0:01  SCV  
  13  0:13  SCV  
  14  0:17  Supply Depot  
  14  0:25  SCV  
  14  0:27  Refinery  
  15  0:39  SCV  
  16  0:45  Barracks  
  16  0:51  SCV  
  17  1:03  SCV  
  18  1:15  SCV  
  19  1:32  Orbital Command, Reaper  
  20  1:44  Command Center  
  20  1:59  SCV  
  20  2:01  Factory  
  21  2:07  Barracks Reactor  
  21  2:11  Refinery, SCV  
  22  2:19  Supply Depot  
  22  2:24  SCV  
  23  2:41  SCV  
  23  2:44  Marine x2  
  25  2:45  Hellion  
  27  2:52  Supply Depot  
  27  2:53  SCV  
  28  3:01  Marine  
  28  3:02  Marine  
  31  3:05  SCV  
  31  3:13  Starport  
  31  3:14  Widow Mine  
  31  3:17  SCV  
  34  3:29  SCV  
  33  3:39  Bunker  
  33  3:40  Widow Mine  
  35  3:42  SCV  
  36  3:48  Marine  
  36  3:54  SCV  
  38  4:02  Orbital Command  
  37  4:03  Medivac  
  37  4:06  SCV  
  40  4:15  Widow Mine  
  42  4:18  SCV  
  42  4:21  Marine x2  
  44  4:30  SCV  
  44  4:31  SCV  
  46  4:42  SCV  
  46  4:43  SCV  
  48  4:54  Supply Depot, SCV  
  48  4:55  SCV  
  48  4:58  Command Center  
  50  5:04  Factory Tech Lab, Starport Tech Lab  
  50  5:05  Supply Depot  
  50  5:06  SCV  
  51  5:07  SCV  
  51  5:08  Marine x2  
  51  5:12  Factory  
  51  5:13  Factory  
  54  5:18  SCV  
  54  5:19  SCV  
  56  5:22  Supply Depot  
  56  5:27  Raven  
  58  5:30  Refinery x2, Supply Depot, SCV  
  58  5:31  SCV  
  60  5:43  SCV x2  
  58  5:53  Siege Tank  
  58  5:55  SCV  
  58  5:56  SCV  
  64  6:02  Factory Tech Lab  
  63  6:07  SCV  
  63  6:08  SCV  
  63  6:10  Supply Depot  
  65  6:13  Orbital Command  
  65  6:16  Hellion  
  65  6:17  Hellion  
  69  6:19  SCV  
  69  6:20  Siege Tank, SCV  
  74  6:31  Supply Depot, SCV  
  74  6:32  SCV  
  76  6:40  Viking  
  76  6:43  Siege Tank, SCV  
  76  6:44  Hellion x2, SCV  
  76  6:45  SCV  
  76  6:46  Supply Depot  
  88  6:51  Armory x2  
  88  6:55  SCV  
  88  6:56  Supply Depot, SCV  
  88  6:57  SCV  
  91  7:07  SCV  
  92  7:08  SCV  
  92  7:09  SCV  
  92  7:10  Hellion x2  
  92  7:11  Siege Tank  
  99  7:17  Siege Tank  
  99  7:19  SCV  
  99  7:21  SCV  
  105  7:25  Orbital Command  
  104  7:32  Supply Depot  
  104  7:33  Supply Depot  
  104  7:34  Engineering Bay  
  104  7:39  Refinery x2  
  104  7:51  Hellion x2  
  100  8:01  Hellion x2  
  103  8:07  Factory  
  103  8:08  Factory  
  103  8:12  Hellion x2  
  105  8:22  Siege Tank, SCV x2  
  105  8:23  SCV  
  111  8:32  Hellion  
  106  8:53  Factory Tech Lab  
  114  8:55  Factory Reactor  
Tags
 
Composition
Mech
Matchup
PvT
Spawn Locations
Cross Positions
Add a new tag
Caveats
  • Supply blocks, unpowered buildings, or Contaminate may cause inaccurate times.
  • Supply counts are checked every 10 seconds.